 Dungeon Crawl Stone Soup version 0.31-a0-925-g0a390f2509 (webtiles) character file.

Game seed: 11225709613481667665

57096 miscthings the Prestidigitator (level 14, -14/118 (121) HPs)
             Began as a Gnoll Artificer on Oct 18, 2023.
             Was an Initiate of Gozag.
             Killed by an exploding wolf spider (19 damage)
             ... ignited by their inner flame
             ... on level 15 of the Dungeon on Oct 19, 2023.
             The game lasted 00:50:16 (14889 turns).

miscthings the Prestidigitator (Gnoll Artificer)   Turns: 14889, Time: 00:50:17

HP:   -14/118 (121) AC: 22    Str: 20    XL:     14   Next: 84%
MP:   36/36         EV: 15    Int:  8    God:    Gozag
Gold: 637           SH:  7    Dex: 18    Spells: 32/32 levels left

rFire   + . .        Y - +8 trident of the Octopus King {venom, rElec rPois}
rCold   + + +        S - +0 buckler {AC+3}
rNeg    + . .        v - +3 scale mail
rPois   +            W - +2 helmet {SInv}
rElec   +            j - +0 cloak {rCorr}
rCorr   +            U - +3 pair of gloves of Hihahyf {rC+ Dex+3}
SInv    +            n - +0 pair of boots of Somewhere Else {Int+6}
Will    +....        k - amulet of regeneration
Stlth   +++          E - ring of Ewett {rN+ rCorr Str+6 Int-4}
HPRegen 1.19/turn    M - ring "Eplymu" {rF+ rC++ MP+9 Int-5 Dex+2}
MPRegen 0.25/turn

%: clarity
@: gold aura, lightly drained
A: fangs 1, strong nose, distributed training, clarity, deformed body, poison
resistance, robust 1, weak 1
a: Renounce Religion, Potion Petition, Call Merchant, Bribe Branch


You were on level 15 of the Dungeon.
You worshipped Gozag.
Gozag was pleased with you.
You visited 3 branches of the dungeon, and saw 18 of its levels.
You also visited: Ossuary, Bailey and Gauntlet.

You collected 6737 gold pieces.
You spent 1526 gold pieces at shops.
You paid 4574 gold pieces to Gozag.

Inventory:

Hand Weapons
 N - the +27 heavy crossbow "Sniper" {heavy, Acc+∞ SInv}
   (You took it off a minotaur in a Gauntlet)

   Acc+∞: It never misses its target.
   SInv:      It lets you see invisible.
 O - a +9 scimitar of draining
 Y - the +8 trident of the Octopus King (weapon) {venom, rElec rPois}
   (You found it on level 12 of the Dungeon)

   rElec:     It insulates you from electricity.
   rPois:     It protects you from poison
Missiles
 D - a throwing net
 P - 16 javelins (quivered)
Armour
 j - a +0 cloak of preservation (worn)
 n - the +0 pair of boots of Somewhere Else (worn) {Int+6}
   (You found it in a Gauntlet)

   Int+6:     It affects your intelligence (+6).
 v - a +3 scale mail (worn)
 S - a +0 buckler of protection (worn)
 U - the +3 pair of gloves of Hihahyf (worn) {rC+ Dex+3}
   (You bought it in a shop on level 9 of the Dungeon)

   Dex+3:     It affects your dexterity (+3).
   rC+:       It protects you from cold.
 W - a +2 helmet of see invisible (worn)
Jewellery
 k - an amulet of regeneration (around neck)
 E - the ring of Ewett (left hand) {rN+ rCorr Str+6 Int-4}
   (You found it on level 5 of the Dungeon)

   [ring of resist corrosion]

   Str+6:     It affects your strength (+6).
   Int-4:     It affects your intelligence (-4).
   rN+:       It protects you from negative energy.
   rCorr:     It protects you from acid and corrosion.
 M - the ring "Eplymu" (right hand) {rF+ rC++ MP+9 Int-5 Dex+2}
   (You acquired it on level 7 of the Dungeon)

   [ring of magical power]

   Int-5:     It affects your intelligence (-5).
   Dex+2:     It affects your dexterity (+2).
   rF+:       It protects you from fire.
   rC++:      It greatly protects you from cold.
   MP+9:      It affects your magic capacity (+9).
 R - a ring of flight
 T - a ring of willpower
Talismans
 L - a talisman of death
Wands
 d - a wand of charming (4)
 e - a wand of acid (1)
 o - a wand of digging (3)
 r - a wand of iceblast (12)
 F - a wand of mindburst (3)
 K - a wand of polymorph (6)
 Z - a wand of flame (8)
Scrolls
 a - a scroll of revelation
 f - 2 scrolls of enchant armour
 l - a scroll of silence
 m - 2 scrolls of butterflies
 p - 6 scrolls of blinking
 q - 3 scrolls of fear
 s - 2 scrolls of enchant weapon
 t - 2 scrolls of fog
 x - a scroll of immolation
 y - 7 scrolls of teleportation
 C - a scroll of vulnerability
 J - 6 scrolls of poison
 X - a scroll of identify {@r1}
Potions
 b - 3 potions of mutation
 c - 3 potions of ambrosia
 g - 4 potions of might
 h - a potion of lignification
 u - 3 potions of heal wounds
 w - 2 potions of curing
 z - 5 potions of brilliance
 A - 4 potions of attraction
 B - a potion of cancellation
 G - 2 potions of enlightenment
 H - 2 potions of resistance
 I - 2 potions of haste
 Q - a potion of invisibility
Miscellaneous
 i - a box of beasts (inert)


   Skills:
 + Level 10.1 Fighting
 + Level 9.7 Short Blades
 + Level 9.7 Long Blades
 + Level 9.7 Axes
 + Level 9.7 Maces & Flails
 + Level 9.7 Polearms
 + Level 9.7 Staves
 + Level 9.7 Ranged Weapons
 + Level 9.7 Throwing
 + Level 10.8 Armour
 + Level 10.1 Dodging
 + Level 10.0 Stealth
 + Level 9.7 Shields
 + Level 9.7 Unarmed Combat
 + Level 9.7 Spellcasting
 + Level 8.1 Conjurations
 + Level 8.1 Hexes
 + Level 8.1 Summonings
 + Level 8.1 Necromancy
 + Level 8.1 Translocations
 + Level 8.1 Transmutations
 + Level 8.1 Fire Magic
 + Level 8.1 Ice Magic
 + Level 8.1 Air Magic
 + Level 8.1 Earth Magic
 + Level 8.1 Poison Magic
 + Level 10.6 Invocations
 + Level 11.7 Evocations
 + Level 8.9 Shapeshifting


You had 32 spell levels left.
You didn't know any spells.
Your spell library contained the following spells:

 Spells                   Type           Power      Damage    Failure   Level
 Frozen Ramparts          Ice            32%        1d5       4%          3
 Gell's Gravitas          Tloc           16%        N/A       4%          3
 Tukima's Dance           Hex            16%        N/A       4%          3
 Volatile Blastmotes      Fire/Tloc      32%        2d12      4%          3
 Dimensional Bullseye     Hex/Tloc       8%         N/A       16%         4
 Iskenderun's Mystic Bla  Conj/Tloc      16%        2d5       16%         4
 Petrify                  Tmut/Erth      16%        N/A       16%         4
 Metabolic Englaciation   Hex/Ice        8%         N/A       38%         5
 Silence                  Hex/Air        8%         N/A       38%         5
 Haunt                    Necr/Summ      8%         N/A       100%        7
 Borgnjor's Revivificati  Necr           8%         N/A       100%        8
 Death's Door             Necr           8%         N/A       100%        9


Dungeon Overview and Level Annotations

Branches:
Dungeon (15/15)            Temple (1/1) D:6            Lair (0/5) D:10
    Orc (2/2) D:11            Elf (0/3) Orc:2        Vaults (0/5) D:13
Ossuary (visited)          Bailey (visited)         Gauntlet (visited)
 Depths: D:15

Altars:
Ashenzari
Cheibriados
Dithmenos
Elyvilon
Fedhas
Gozag
Hepliaklqana
Kikubaaqudgha
Makhleb
Nemelex Xobeh
Okawaru
Qazlal
Ru
Sif Muna
Trog
Uskayaw
Vehumet
Wu Jian
Xom
Yredelemnul
Zin
The Shining One

Shops:
D:5 (   D:6 *   D:9 [[   D:11 [   D:13 !   D:15 =[   Orc:1 [?:*   Orc:2 =(?*[!


Innate Abilities, Weirdness & Mutations

You have very sharp teeth.
Your uncanny sense of smell can sniff out nearby items.
Your experience applies equally to all skills.
You possess an exceptional clarity of mind.
Armour fits poorly on your strangely shaped body.
Your system is resistant to poisons. (rPois)
You are robust. (+10% HP)
You are weak. (Str -2)


Message History

You hit the centaur.
Flame seeps out of the centaur.
The centaur looks as sick as possible!
The centaur is severely wounded.
Flame seeps out of the centaur.
The centaur is engulfed in blazing flames.
The centaur explodes!
The fiery explosion engulfs the boggart!!
The orc knight dissolves into shadows!
The orc warrior dissolves into shadows!
The warg dissolves into shadows!
The orc dissolves into shadows!
The fiery explosion engulfs you! You resist.
* * * LOW HITPOINT WARNING * * *
The fiery explosion engulfs the wolf spider!!!
Flame seeps out of the wolf spider.
The wolf spider is almost dead.
The fiery explosion engulfs the centaur warrior!!
Flame seeps out of the centaur warrior.
The centaur warrior is heavily wounded.
The fiery explosion engulfs the vampire mage!!
The freezing wraith disappears in a puff of smoke!
The centaur warrior simulacrum disappears in a puff of smoke!
The necrophage disappears in a puff of smoke!
The centaur warrior skeleton disappears in a puff of smoke! x2
The shadow wraith disappears in a puff of smoke!
The fiery explosion engulfs the ogre!!!
The ogre's corpse dissolves into shadows!
The ogre explodes!
The fiery explosion engulfs the centaur warrior!!
Flame seeps out of the centaur warrior.
The centaur warrior is severely wounded.
The vampire mage explodes!
The fiery explosion engulfs the wolf spider!!
The wolf spider's corpse dissolves into shadows!
The fiery explosion engulfs you! You resist.
* * * LOW HITPOINT WARNING * * *
The fiery explosion engulfs the centaur warrior!!
The centaur warrior's corpse dissolves into shadows!
The centaur warrior explodes!
The wolf spider explodes!
The fiery explosion engulfs you!! You resist.
You die...
Your body crumbles into a pile of gold. ##.# #.# y# #.## y# #..# .c# ##.# gg#

##'######§#
#....$§§§§# .
#.....§§○§#c..P
#.....§@§§§z..8
######'##§§....
#. §.... #.
.... #. ..? ##
.. .


You could see a skeletal warrior (inner flame), 2 meliai, 2 centaurs and 2
boggarts.

Vanquished Creatures
  Azrael (D:13)
  A minotaur (Gauntlet)
  A yaktaur captain (D:13)
  3 hydras
  A rakshasa (D:12)
  5 ogre magi
  3 centaur warriors
  15 two-headed ogres
  2 boulder beetles (D:12)
  A catoblepas (D:14)
  A sphinx skeleton (D:15)
  A vampire mage (D:15)
  An orc high priest (Orc:1)
  Pikel (D:6)
  2 orc knights (Orc:1)
  A necromancer (D:15)
  4 orc sorcerers (Orc:1)
  4 ugly things
  A deep elf pyromancer (D:13)
  A shining eye (D:14)
  A cyclops (D:12)
  3 manticores
  2 moths of wrath (Gauntlet)
  Joseph (D:7)
  An ice statue (D:7)
  An unseen horror (D:11)
  3 gargoyles
  3 komodo dragons
  3 yaktaurs
  2 kobold demonologists
  2 efreet
  2 trolls
  A tyrant leech (D:13)
  Prince Ribbit (Bailey)
  A raiju (shapeshifter) (D:12)
  13 slime creatures
  Sigmund (D:7)
  4 shadows
  3 wyverns
  10 yaks
  5 humans (Bailey)
  2 fire elementals (D:13)
  A hog (shapeshifter) (D:14)
  4 redbacks (Gauntlet)
  6 vampire mosquitoes
  A basilisk (D:14)
  5 wargs
  A swamp worm (D:14)
  A water moccasin (shapeshifter) (D:14)
  15 two-headed ogre zombies (Orc:1)
  3 acid dragons
  A water moccasin (D:4)
  2 hell hounds (D:13)
  An ice beast (D:8)
  22 orc warriors
  A sky beast (D:8)
  35 ogres
  4 wolves (Gauntlet)
  A boggart (D:15)
  14 centaurs
  A lemure (D:6)
  A kobold brigand (D:10)
  8 bullfrogs
  2 scorpions (D:4)
  5 wights (D:7)
  13 killer bees
  13 howler monkeys
  An electric eel (D:7)
  3 human zombies (Ossuary)
  4 hounds
  9 jellies
  13 orc priests
  2 gnoll boudas
  A sleepcap (D:6)
  Natasha (thrice) (D:4)
  6 iguanas
  12 orc wizards
  6 mummies
  18 gnolls
  6 adders
  2 shadow imps
  2 ufetubi (D:6)
  A worm (D:2)
  4 dart slugs
  70 orcs
  7 ball pythons
  2 bats
  16 endoplasms
  5 giant cockroaches
  A gnoll zombie (Ossuary)
  13 goblins
  5 hobgoblins
  2 jackals (D:4)
  3 quokkas
  4 frilled lizards
  A goblin zombie (Ossuary)
  A hobgoblin zombie (Ossuary)
  10 kobolds
  A kobold zombie (Ossuary)
  An orc zombie (Ossuary)
  4 rats
  A spectral orc (D:11)
516 creatures vanquished.

Vanquished Creatures (collateral kills)
  2 vault guards (Bailey)
  A deep troll (Orc:1)
  A troll (Orc:1)
  A two-headed ogre zombie (Orc:1)
  3 orc warriors (Orc:1)
  2 bullfrogs (Bailey)
  An orc (Orc:1)
11 creatures vanquished.

Vanquished Creatures (others)
  A two-headed ogre (Orc:2)
  A troll (D:12)
  An orc warrior (Bailey)
3 creatures vanquished.

Grand Total: 530 creatures vanquished

Notes
Turn   | Place    | Note
-------+----------+-------------------------------------------
     0 | D:1      | miscthings the Gnoll Artificer began the quest for the Orb.
     0 | D:1      | Reached XP level 1. HP: 17/17 MP: 1/1
   173 | D:1      | Reached XP level 2. HP: 23/23 MP: 2/2
   600 | D:2      | Reached XP level 3. HP: 26/28 MP: 3/3
   723 | D:2      | Reached skill level 1 in Invocations
   734 | D:2      | Reached skill level 1 in Short Blades
   734 | D:2      | Reached skill level 1 in Long Blades
   734 | D:2      | Reached skill level 1 in Axes
   734 | D:2      | Reached skill level 1 in Maces & Flails
   734 | D:2      | Reached skill level 1 in Polearms
   734 | D:2      | Reached skill level 1 in Staves
   734 | D:2      | Reached skill level 1 in Ranged Weapons
   734 | D:2      | Reached skill level 1 in Throwing
   734 | D:2      | Reached skill level 1 in Shields
   734 | D:2      | Reached skill level 1 in Unarmed Combat
   734 | D:2      | Reached skill level 1 in Spellcasting
   758 | D:2      | Reached XP level 4. HP: 34/34 MP: 5/5
   784 | D:2      | Reached skill level 1 in Shapeshifting
  1014 | D:2      | Reached skill level 1 in Conjurations
  1014 | D:2      | Reached skill level 1 in Hexes
  1014 | D:2      | Reached skill level 1 in Summonings
  1014 | D:2      | Reached skill level 1 in Necromancy
  1014 | D:2      | Reached skill level 1 in Translocations
  1014 | D:2      | Reached skill level 1 in Transmutations
  1014 | D:2      | Reached skill level 1 in Fire Magic
  1014 | D:2      | Reached skill level 1 in Ice Magic
  1014 | D:2      | Reached skill level 1 in Air Magic
  1014 | D:2      | Reached skill level 1 in Earth Magic
  1014 | D:2      | Reached skill level 1 in Poison Magic
  1485 | D:4      | Identified the "Sodup"
  1499 | D:4      | Reached XP level 5. HP: 23/40 MP: 6/6
  1574 | D:4      | Found a sand-covered staircase.
  1674 | Ossuary  | Entered an ossuary
  1693 | Ossuary  | Reached XP level 6. HP: 41/47 MP: 8/8
  1773 | Ossuary  | Reached skill level 5 in Armour
  2013 | D:4      | Found a hazy altar of Hepliaklqana.
  2015 | D:4      | Found a shimmering altar of Xom.
  2016 | D:4      | Noticed a spectral ugly thing
  2066 | D:4      | Noticed a water moccasin
  2070 | D:4      | Killed a water moccasin
  2071 | D:4      | Reached skill level 7 in Evocations
  2071 | D:4      | Reached XP level 7. HP: 29/52 MP: 10/10
  2344 | D:4      | Found a bloodstained altar of Trog.
  2378 | D:5      | Entered Level 5 of the Dungeon
  2384 | D:5      | Gained mutation: You expend magic power (3 MP) to
                  | strengthen your wands. [potion of mutation]
  2384 | D:5      | Gained mutation: You have a pair of small horns on your
                  | head. [potion of mutation]
  2384 | D:5      | Gained mutation: You have hidden genetic defects. [potion
                  | of mutation]
  2384 | D:5      | Gained mutation: You are robust. (+10% HP) [potion of
                  | mutation]
  2398 | D:5      | Found a blossoming altar of Fedhas.
  2398 | D:5      | Found a sacrificial altar of Ru.
  2484 | D:5      | Gained mutation: You occasionally lose the ability to read
                  | scrolls when taking damage. [hidden defects]
  2530 | D:5      | Identified the ring of Ewett {rN+ rCorr Str+6 Int-4}
  2626 | D:5      | Found Fophol's Weapon Shop.
  2629 | D:5      | You fall into a shaft and drop 2 floors!
  2629 | D:7      | Identified the "Ylyi"
  2645 | D:6      | Found a staircase to the Ecumenical Temple.
  2645 | D:6      | Noticed Pikel
  2649 | D:6      | Killed Pikel
  2650 | D:6      | Reached XP level 8. HP: 62/66 MP: 1/12
  2664 | D:6      | Gained mutation: Armour fits poorly on your strangely
                  | shaped body. [hidden defects]
  2664 | D:6      | Lost mutation: You have hidden genetic defects. [hidden
                  | defects expressed]
  2693 | Temple   | Entered the Ecumenical Temple
  2717 | Temple   | Became a worshipper of Gozag Ym Sagoz the Greedy
  2896 | D:5      | Found a stormy altar of Qazlal.
  2898 | D:5      | Noticed an air elemental
  2899 | D:5      | Noticed a water elemental
  3723 | D:4      | Noticed Natasha
  3726 | D:4      | Killed Natasha
  3815 | D:4      | Noticed Natasha
  3817 | D:4      | Killed Natasha
  3817 | D:4      | Noticed Natasha
  3829 | D:4      | Killed Natasha
  4258 | D:6      | Found a radiant altar of Vehumet.
  4478 | D:6      | Found Buggo's CLEARANCE SALE!.
  4484 | D:6      | Bought a scroll of poison for 12 gold pieces
  4484 | D:6      | Bought a potion of mutation for 24 gold pieces
  4763 | D:6      | Lost mutation: You have a pair of small horns on your head.
                  | [potion of mutation]
  4763 | D:6      | Lost mutation: You expend magic power (3 MP) to strengthen
                  | your wands. [potion of mutation]
  4763 | D:6      | Gained mutation: You are weak. (Str -2) [potion of
                  | mutation]
  4763 | D:6      | Gained mutation: You expend magic power (3 MP) to
                  | strengthen your wands. [potion of mutation]
  4764 | D:6      | Lost mutation: You occasionally lose the ability to read
                  | scrolls when taking damage. [potion of mutation]
  4764 | D:6      | Lost mutation: You expend magic power (3 MP) to strengthen
                  | your wands. [potion of mutation]
  4764 | D:6      | Gained mutation: You possess an exceptional clarity of
                  | mind. [potion of mutation]
  4764 | D:6      | Gained mutation: Your system is resistant to poisons.
                  | (rPois) [potion of mutation]
  4782 | D:7      | Noticed Joseph
  4801 | D:7      | Reached XP level 9. HP: 54/72 MP: 14/14
  4805 | D:7      | Killed Joseph
  4966 | D:7      | Found a snail-covered altar of Cheibriados.
  4989 | D:7      | Identified 2 scrolls of acquirement
  4989 | D:7      | Acquired the ring "Eplymu" {rF+ rC++ MP+9 Int-5 Dex+2}
  4991 | D:7      | Identified the "Ymutz" (You acquired it on level 7 of the
                  | Dungeon)
  4991 | D:7      | Acquired 443 gold pieces
  5115 | D:7      | Reached skill level 5 in Fighting
  5115 | D:7      | Reached skill level 5 in Dodging
  5234 | D:7      | Reached skill level 5 in Stealth
  5409 | D:7      | Found a hide-covered altar of Uskayaw.
  5455 | D:7      | Reached skill level 8 in Evocations
  5476 | D:7      | Reached skill level 5 in Invocations
  5684 | D:7      | Noticed Sigmund
  5704 | D:7      | Killed Sigmund
  5719 | D:7      | Noticed Edmund
  5730 | D:7      | Edmund changed into Edmund the howler monkey
  5730 | D:7      | Noticed Edmund
  5734 | D:7      | Killed Edmund the howler monkey
  5823 | D:7      | Noticed an ice statue
  5896 | D:7      | HP: 3/74 [ice beast[an ice statue] (1)]
  5896 | D:7      | HP: 1/74 [ice beast[an ice statue] (2)]
  5897 | D:7      | Killed an ice statue
  5898 | D:7      | Reached XP level 10. HP: 2/82 MP: 17/17
  6083 | D:8      | Reached skill level 5 in Short Blades
  6083 | D:8      | Reached skill level 5 in Long Blades
  6083 | D:8      | Reached skill level 5 in Axes
  6083 | D:8      | Reached skill level 5 in Maces & Flails
  6083 | D:8      | Reached skill level 5 in Polearms
  6083 | D:8      | Reached skill level 5 in Staves
  6083 | D:8      | Reached skill level 5 in Ranged Weapons
  6083 | D:8      | Reached skill level 5 in Throwing
  6083 | D:8      | Reached skill level 5 in Shields
  6083 | D:8      | Reached skill level 5 in Unarmed Combat
  6083 | D:8      | Reached skill level 5 in Spellcasting
  6476 | D:8      | Found a flagged portal.
  6500 | Bailey   | Entered a bailey
  6657 | Bailey   | Reached skill level 5 in Shapeshifting
  6660 | Bailey   | Noticed Prince Ribbit
  6667 | Bailey   | Killed Prince Ribbit
  6689 | Bailey   | Noticed a vault guard
  6703 | Bailey   | Killed a vault guard
  6732 | Bailey   | Noticed a vault guard
  6748 | Bailey   | Killed a vault guard
  6749 | Bailey   | Reached XP level 11. HP: 58/91 MP: 19/19
  7032 | D:8      | Reached skill level 9 in Evocations
  7106 | D:8      | Reached skill level 5 in Conjurations
  7106 | D:8      | Reached skill level 5 in Hexes
  7106 | D:8      | Reached skill level 5 in Summonings
  7106 | D:8      | Reached skill level 5 in Necromancy
  7106 | D:8      | Reached skill level 5 in Translocations
  7106 | D:8      | Reached skill level 5 in Transmutations
  7106 | D:8      | Reached skill level 5 in Fire Magic
  7106 | D:8      | Reached skill level 5 in Ice Magic
  7106 | D:8      | Reached skill level 5 in Air Magic
  7106 | D:8      | Reached skill level 5 in Earth Magic
  7106 | D:8      | Reached skill level 5 in Poison Magic
  7567 | D:9      | Bought a pair of shimmering gloves for 304 gold pieces
  7567 | D:9      | Identified the +3 pair of gloves of Hihahyf {rC+ Dex+3}
                  | (You bought it in a shop on level 9 of the Dungeon)
  7608 | D:9      | Found Gajuoso's Antique Armour Emporium.
  7916 | D:10     | Entered Level 10 of the Dungeon
  8142 | D:10     | Found a staircase to the Lair.
  8281 | D:10     | Found a broken altar of Ashenzari.
  8364 | D:10     | Found a shimmering blue altar of Sif Muna.
  8688 | D:11     | Found a basalt altar of Yredelemnul.
  8710 | D:11     | Bought a +1 helmet of see invisible for 231 gold pieces
  8882 | D:11     | Identified the +2 ring mail of Theory {rElec SInv}
  8945 | D:11     | Found a staircase to the Orcish Mines.
  8978 | D:11     | Noticed a two-headed ogre
  8989 | D:11     | Killed a two-headed ogre
  8990 | D:11     | Reached XP level 12. HP: 64/100 MP: 22/22
  9508 | Lair:4   | Identified the "Ajoloqoe"
  9508 | Orc:1    | Entered Level 1 of the Orcish Mines
  9510 | Orc:1    | Found Dimuttot's Magic Scroll Boutique.
  9541 | Orc:1    | Paralysed by an orc sorcerer for 2 turns
  9548 | Orc:1    | Paralysed by an orc sorcerer for 5 turns
  9613 | Orc:1    | Reached skill level 10 in Evocations
  9620 | Orc:1    | Bought a scroll of revelation for 97 gold pieces
  9620 | Orc:1    | Bought a scroll of identify for 26 gold pieces
  9620 | Orc:1    | Bought a scroll of fog for 52 gold pieces
  9620 | Orc:1    | Bought a scroll of teleportation for 39 gold pieces
  9640 | Orc:1    | Found Iluc's Antique Armour Emporium.
  9985 | Orc:2    | Entered Level 2 of the Orcish Mines
  9985 | Orc:2    | Found a staircase to the Elven Halls.
 10046 | Orc:1    | Found Zogg's General Store.
 10055 | Orc:1    | Bought a scroll of identify for 34 gold pieces
 10150 | Orc:1    | Paralysed by an orc sorcerer for 2 turns
 10179 | Orc:1    | Found Cekeujuq's Book Boutique.
 10302 | Orc:1    | Noticed an orc high priest
 10313 | Orc:1    | Noticed a soul eater
 10345 | Orc:1    | Killed an orc high priest
 10385 | Orc:1    | Noticed an ogre mage
 10422 | Orc:1    | Killed an ogre mage
 10429 | Orc:1    | Reached XP level 13. HP: 33/108 MP: 25/25
 10776 | Orc:2    | Paralysed by an ogre mage for 5 turns
 10788 | Orc:2    | Paralysed by an ogre mage for 4 turns
 11167 | Orc:2    | Found Cecvoasori's Jewellery Shop.
 11167 | Orc:2    | Found Duxor's Weapon Shoppe.
 11168 | Orc:2    | Found Afaum's Magic Scroll Shoppe.
 11168 | Orc:2    | Found Ischeraj's Assorted Antiques.
 11179 | Orc:2    | Bought a scroll of enchant armour for 90 gold pieces
 11181 | Orc:2    | Bought a scroll of teleportation for 36 gold pieces
 11221 | Orc:2    | Found Voimmaupish's Distillery.
 11274 | Orc:2    | Bought a potion of heal wounds for 75 gold pieces
 11274 | Orc:2    | Bought a potion of might for 60 gold pieces
 11584 | Orc:2    | Reached skill level 10 in Armour
 11584 | Orc:2    | Reached skill level 11 in Evocations
 11776 | Orc:2    | Bought a +0 cloak of preservation for 149 gold pieces
 11840 | D:11     | Bought a +0 buckler of protection for 161 gold pieces
 12206 | D:12     | Noticed a rakshasa
 12219 | D:12     | Killed a rakshasa
 12220 | D:12     | Reached XP level 14. HP: 112/118 MP: 27/27
 12396 | D:12     | Found the +8 trident of the Octopus King {venom, rElec
                  | rPois}
 12687 | D:13     | Noticed Azrael
 12708 | D:13     | Reached skill level 10 in Invocations
 12718 | D:13     | Killed Azrael
 12974 | D:13     | Found a gate to the Vaults.
 12997 | D:13     | HP: 4/119 [yaktaur captain (19)]
 13412 | D:13     | Found Ecezip's Distillery.
 13419 | D:13     | Bought a potion of invisibility for 136 gold pieces
 13738 | D:14     | Found a gate leading to a gauntlet.
 13747 | Gauntlet | Entered a Gauntlet
 13747 | Gauntlet | Found a runed translucent door.
 13747 | Gauntlet | Found a transporter.
 13747 | Gauntlet | Found a transporter.
 13747 | Gauntlet | Found a runed translucent door.
 13747 | Gauntlet | Found a transporter.
 13757 | Gauntlet | Found a transporter.
 13760 | Gauntlet | Found a transporter.
 13769 | Gauntlet | Found a transporter.
 13771 | Gauntlet | Found a transporter.
 13779 | Gauntlet | Found a transporter.
 13797 | Gauntlet | Found a transporter.
 13817 | Gauntlet | Found a transporter.
 13819 | Gauntlet | Found a transporter.
 13830 | Gauntlet | Found a transporter.
 14033 | Gauntlet | Identified the +0 pair of boots of Somewhere Else {Int+6}
 14117 | Gauntlet | Reached skill level 10 in Fighting
 14117 | Gauntlet | Reached skill level 10 in Dodging
 14133 | Gauntlet | Identified the staff "Feetanoi" {+Blink rPois rN+ Str+3
                  | Int+4 Necro}
 14133 | Gauntlet | Identified the +6 shortbow "Tiar Hea" {freeze, *Slow +Blink
                  | rPois Will++}
 14286 | D:14     | Reached skill level 10 in Stealth
 14460 | D:14     | Found a hazy altar of Hepliaklqana.
 14680 | D:15     | Entered Level 15 of the Dungeon
 14762 | D:15     | Acquired 639 gold pieces
 14889 | D:15     | HP: 5/118 [spore (15)]
 14889 | D:15     | Killed by an exploding wolf spider... ignited by their
                  | inner flame

Illustrated notes

Levels and vault maps discovered:
D:1:      lightli_arrival_quake, layout_basic, feat_on_display
D:2:      layout_basic
D:3:      layout_loops_ring
D:4:      layout_loops_cross, lightli_temple_of_fire,
          regret_index_temple_of_mockery, gup_ossuary_entry_pyramid,
          uniq_natasha
D:5:      layout_rooms, gammafunk_temple_overflow_pools,
          nicolae_qazlal_style_of_elements, serial_shops, shop
D:6:      layout_loops_ring, mainiacjoe_overflow_24_doors,
          minmay_temple_entry_arrows, nicolae_shop_clearance, uniq_pikel
D:7:      statuecave_lemuel, layout_loops_cross, kennysheep_slug_shrine,
          mainiacjoe_overflow_six_doors_small, sigmund_edmund_badplayer,
          uniq_joseph
D:8:      layout_rooms, enter_bailey_7, special_room [special_room_orc],
          grunt_decor_resistance, kennysheep_doodads,
          nicolae_houndstooth_variations
D:9:      layout_basic, serial_shops, shop
D:10:     layout_gridville, nicolae_overflow_crystal_walls,
          lemuel_blue_sif_altar, erik_lair_orcish_takeover, evilmike_butchery
D:11:     layout_cave_pools, erik_orc_3, yredelemnul_forgotten_temple_becter
D:12:     layout_cave_pools, minmay_fractal_squares_gapless_7
D:13:     lemuel_slime, layout_basic, david_vaults_2, serial_shops,
          nicolae_shop_just_a_little_nook, uniq_azrael
D:14:     layout_big_octagon, serial_rivers, chequers_serial_rivers_small_b,
          chequers_serial_rivers_marsh, chequers_serial_rivers_large_b,
          chequers_serial_rivers_micro_c, nicolae_hepliaklqana_hippocampus,
          gauntlet_entry_generic
D:15:     gammafunk_depths_entry_grave, layout_basic, minmay_crystal_room
Temple:   minmay_temple_curvy_loop
Orc:1:    lemuel_ogre_cave, layout_caves, serial_shops, nicolae_lakefront_shop,
          shop, shop_statue, guppyfry_orc_lava_fort
Orc:2:    st_orc_ogre_mass, layout_diamond_mine, serial_shops, shop, basic_altar

Skill      XL: |  1  2  3  4  5  6  7  8  9 10 11 12 13 14 |
---------------+-------------------------------------------+-----
Invocations    | 1 2 3 4 5 6 7 8 9 10 | 10.6
Short Blades   | 1 2 3 4 5 6 8 9 |  9.7
Long Blades    | 1 2 3 4 5 6 8 9 |  9.7
Axes           | 1 2 3 4 5 6 8 9 |  9.7
Maces & Flails | 1 2 3 4 5 6 8 9 |  9.7
Polearms       | 1 2 3 4 5 6 8 9 |  9.7
Staves         | 1 2 3 4 5 6 8 9 |  9.7
Ranged Weapons | 1 2 3 4 5 6 8 9 |  9.7
Throwing       | 1 2 3 4 5 6 8 9 |  9.7
Shields        | 1 2 3 4 5 6 8 9 |  9.7
Unarmed Combat | 1 2 3 4 5 6 8 9 |  9.7
Spellcasting   | 1 2 3 4 5 6 8 9 |  9.7
Shapeshifting  | 1 2 3 4 5 6 7 8 |  8.9
Conjurations   | 1 2 3 4 5 6 7 8 |  8.1
Hexes          | 1 2 3 4 5 6 7 8 |  8.1
Summonings     | 1 2 3 4 5 6 7 8 |  8.1
Necromancy     | 1 2 3 4 5 6 7 8 |  8.1
Translocations | 1 2 3 4 5 6 7 8 |  8.1
Transmutations | 1 2 3 4 5 6 7 8 |  8.1
Fire Magic     | 1 2 3 4 5 6 7 8 |  8.1
Ice Magic      | 1 2 3 4 5 6 7 8 |  8.1
Air Magic      | 1 2 3 4 5 6 7 8 |  8.1
Earth Magic    | 1 2 3 4 5 6 7 8 |  8.1
Poison Magic   | 1 2 3 4 5 6 7 8 |  8.1
Fighting       | 3 4 5 6 7 8 9 10 | 10.1
Dodging        | 3 4 5 6 7 8 9 10 | 10.1
Stealth        | 3 4 5 6 7 8 9 10 | 10.0
Armour         | 5 6 7 8 9 10 | 10.8
Evocations     | 7 8 9 10 11 | 11.7

Action                     |  1- 3 |  4- 6 |  7- 9 | 10-12 | 13-15 || total
---------------------------+-------+-------+-------+-------+-------++-------
  Melee: Dagger            |    98 |    49 |       |       |       ||   147
         Club              |     5 |       |       |       |       ||     5
         Bite              |     9 |    14 |    16 |   108 |   118 ||   265
         Punch             |     1 |     2 |       |       |       ||     3
         Spear             |       |   117 |   207 |       |       ||   324
         Headbutt          |       |       |    15 |       |       ||    15
         Unarmed           |       |       |    21 |     3 |       ||    24
         Flail             |       |       |    15 |    16 |       ||    31
         Scimitar          |       |       |       |   789 |   309 ||  1098
         Trident           |       |       |       |       |   383 ||   383
   Fire: Sling             |       |       |    11 |       |       ||    11
         Heavy crossbow    |       |       |       |       |     9 ||     9
  Throw: Javelin           |     6 |    21 |    15 |    18 |     8 ||    68
 Invoke: Call Merchant     |       |       |       |     2 |     3 ||     5
  Evoke: Wand              |     2 |     3 |    22 |    10 |    10 ||    47
         Box of beasts     |       |       |     1 |     3 |     1 ||     5
    Use: Scroll            |       |     2 |    13 |    13 |    11 ||    39
         Potion            |       |       |     5 |     3 |     8 ||    16
   Stab: Sleeping          |       |       |     3 |     2 |     7 ||    12
         Distracted        |       |       |       |     8 |     5 ||    13
 Armour: Leather armour    |    10 |       |       |       |       ||    10
         Scale mail        |    60 |   113 |   199 |   565 |   457 ||  1394
         Skin              |       |       |    24 |     3 |       ||    27
  Dodge: Dodged            |    60 |    51 |   173 |   482 |   416 ||  1182
  Block: Buckler           |       |     2 |    68 |   226 |   180 ||   476

Table legend: (Time is in decaauts)
 A = Elapsed time spent in this place.
 B = Non-inter-level travel time spent in this place.
 C = Inter-level travel time spent in this place.
 D = Time resting spent in this place.
 E = Time spent auto-exploring this place.
 F = Levels seen in this place.
 G = Mean time per level.
                   A        B        C        D        E       F      G
               +--------+--------+--------+--------+--------+-----+--------+
         Total |  15125 |  14430 |    695 |    763 |   8118 |  21 |  720.2 |
       Dungeon |  11749 |  11204 |    545 |    644 |   6804 |  15 |  783.3 |
        Temple |     47 |      5 |     42 |      0 |      0 |   1 |   47.0 |
  Orcish Mines |   2306 |   2198 |    108 |    101 |   1052 |   2 | 1153.0 |
       Ossuary |    308 |    308 |      0 |      0 |     79 |   1 |  308.0 |
        Bailey |    324 |    324 |      0 |     18 |     19 |   1 |  324.0 |
      Gauntlet |    389 |    389 |      0 |      0 |    164 |   1 |  389.0 |
               +--------+--------+--------+--------+--------+-----+--------+

Top non-repeatable levels by time:
     D:7: 1274 daAuts
     D:4: 1216 daAuts
   Orc:2: 1180 daAuts
   Orc:1: 1125 daAuts
    D:11: 1049 daAuts
     D:8: 966 daAuts
    D:13: 862 daAuts
     D:2: 824 daAuts
    D:12: 819 daAuts
     D:6: 748 daAuts
    D:14: 731 daAuts
     D:3: 721 daAuts
     D:9: 680 daAuts
    D:10: 634 daAuts
     D:5: 521 daAuts
